 Dungeon Crawl Stone Soup version 0.24-a0-619-gb7544fd (webtiles) character file.

Game seed: 3576330500989719772, levelgen mode: deterministic

36 BoppinsLewinski the Chopper (level 3, -11/31 HPs)
             Began as a Centaur Fighter on Sept 16, 2019.
             Mangled by Terence
             ... wielding a +1 morningstar of protection
              (12 damage)
             ... on level 2 of the Dungeon.
             The game lasted 00:02:12 (1458 turns).

BoppinsLewinski the Chopper (Centaur Fighter)       Turns: 1458, Time: 00:02:13

Health: -11/31     AC:  7    Str: 19    XL:     3   Next: 19%
Magic:  3/3        EV:  5    Int:  7    God:
Gold:   108        SH:  8    Dex:  8    Spells: 2/2 levels left

rFire    . . .     SeeInvis .   a - +0 war axe
rCold    . . .     Gourm    .   c - +0 shield
rNeg     . . .     Faith    .   b - +0 scale mail
rPois    .         Spirit   .   (no helmet)
rElec    .         Reflect  .   (no cloak)
rCorr    .         Harm     .   e - +0 pair of gloves
MR       .....                  (no barding)
Stlth    ..........             (no amulet)
HPRegen  0.10/turn              (no ring)
MPRegen  0.08/turn              (no ring)

@: very quick
A: large, hooves 3, deformed body, speed 2, tough skin 3
a: no special abilities


You were on level 2 of the Dungeon.
You were very hungry.

You visited 1 branch of the dungeon, and saw 2 of its levels.

You collected 108 gold pieces.

Inventory:

Hand Weapons
 a - a +0 war axe (weapon)
Armour
 b - a +0 scale mail (worn)
 c - a +0 shield (worn)
 e - a +0 pair of gloves (worn)
Scrolls
 d - a scroll of noise {unknown}
 h - a scroll of blinking {unknown}
Potions
 g - a potion of heal wounds
Comestibles
 f - 3 rations


   Skills:
 - Level 3.0 Fighting
 * Level 3.3 Axes
 - Level 2.1 Armour
 - Level 2.1 Shields


You had 2 spell levels left.
You didn't know any spells.
Your spell library was empty.

Dungeon Overview and Level Annotations

Branches:
Dungeon (2/15)

Altars:
Nemelex Xobeh

Annotations:
D:2 Terence


Innate Abilities, Weirdness & Mutations

You have hooves in place of feet.
Armour fits poorly on your strangely shaped body.
You cover ground very quickly.
You have extremely tough skin. (AC +3)


Message History

Terence hits ye but does nay damage.
Unknown command.
Ye hit Terence but do nay damage.
Terence be heavily wounded.
Terence hits ye but does nay damage.
Unknown command.
Ye hit Terence but do nay damage.
Terence be heavily wounded.
Terence hits ye wit' a +1 mornin'star o' protection!
* * * LOW HITPOINT WARNIN'
* * * Terence hits ye wit' a +1 mornin'star o' protection!
* * * LOW HITPOINT WARNIN'
* * * Unknown command.
Ye hit Terence.
Terence be severely wounded.
Ye feel less wood'n.
Yer +0 pair o' gloves unmelds from yer body.
Yer +0 scale mail unmelds from yer body.
Terence hits ye wit' a +1 mornin'star o' protection!
Ye die...

.# ## .# .. .#
####. .# ...#.#.#
#.. ... ###.# #@#
...# #@#
#######.###)#
######.#.......'_+
...........#.#####
.....#.#.#.#.# ###
......<#.#.#.# ###
###...##.#.#.. ...
. #...+).#.... .##
#.#...##########


You could see Terence.

Vanquished Creatures
  2 adders (D:2)
  A hobgoblin (D:1)
  4 jackals (D:1)
  6 bats (D:1)
  A frilled lizard (D:1)
  3 goblins (D:1)
  2 kobolds
  A rat (D:1)
20 creatures vanquished.

Notes
Turn   | Place    | Note
-------+----------+-------------------------------------------
     0 | D:1      | BoppinsLewinski the Centaur Fighter began the quest for the
                  | Orb.
     0 | D:1      | Reached XP level 1. HP: 19/19 MP: 1/1
   547 | D:1      | Reached XP level 2. HP: 24/26 MP: 2/2
  1118 | D:2      | Reached XP level 3. HP: 11/31 MP: 3/3
  1436 | D:2      | Found a sparkling altar of Nemelex Xobeh.
  1438 | D:2      | Noticed Terence
  1457 | D:2      | HP: 1/46 [Terence/+1 morningstar of protection (7)]
  1458 | D:2      | Mangled by Terence

Levels and vault maps discovered:
D:1:      dpeg_arrival_signposts, layout_basic
D:2:      layout_basic, lemuel_doored_altar, xom_butterflies, first_ration,
          uniq_terence, uniq_sigmund, uniq_jessica

Skill      XL: |  1  2 |
---------------+-------+-----
Axes           | 2 3 |  3.3
Fighting       | |  3.0
Armour         | |  2.1
Shields        | |  2.1

Action                   || total
-------------------------++-------
Melee: War axe           ||    85
       Kick              ||    12
  Use: Potion            ||     3
Armor: Scale mail        ||    49
       Skin              ||     8
Dodge: Dodged            ||    20
Block: Shield            ||    42

Table legend:
 A = Non-vault XP
 B = Vault XP
 C = Vault XP percentage of total XP
 D = Non-vault monster count
 E = Vault monster count
 F = Vault count percentage of total count
                 A         B        C        D         E       F
            +---------+---------+-------+---------+---------+-------
      Total |      52 |       0 |   0.0 |      20 |       0 |   0.0
            +---------+---------+-------+---------+---------+-------
        D:1 |      25 |       0 |   0.0 |      17 |       0 |   0.0
        D:2 |      27 |       0 |   0.0 |       3 |       0 |   0.0
            +---------+---------+-------+---------+---------+-------
